 Dungeon Crawl Stone Soup version 0.31.0-11-ge490571c62 (webtiles) character file.

Game seed: 3968432110216532181

25 qw the Shooter (level 2, 0/16 HPs)
             Began as a Deep Elf Hunter on Feb 4, 2024.
             Frozen to death by an endoplasm (1 damage)
             ... on level 1 of the Dungeon.
             The game lasted 00:00:01 (169 turns).

qw the Shooter (Deep Elf Hunter)                     Turns: 169, Time: 00:00:01

Health: 0/16       AC:  3    Str:  8    XL:     2   Next: 86%
Magic:  4/4        EV: 12    Int: 13    God:
Gold:   19         SH:  0    Dex: 18    Spells: 1/1 levels left

rFire   . . .        a - +0 shortbow
rCold   . . .        (shield currently unavailable)
rNeg    . . .        c - +0 leather armour
rPois   .            (no helmet)
rElec   .            (no cloak)
rCorr   .            (no gloves)
SInv    .            (no boots)
Will    .....        (no amulet)
Stlth   ++           (no ring)
HPRegen 0.22/turn    (no ring)
MPRegen 0.09/turn

%: no passive effects
@: no status effects
A: no striking features
a: no special abilities


You were on level 1 of the Dungeon.
You visited 1 branch of the dungeon, and saw 1 of its levels.

You collected 19 gold pieces.


   Skills:
 - Level 1.5 Fighting
 + Level 6.5 Ranged Weapons
 - Level 2.4 Dodging
 - Level 1.2 Stealth


You had one spell level left.
You didn't know any spells.
Your spell library was empty.

Inventory:

Hand Weapons
 a - a +0 shortbow (weapon)
Armour
 c - a +0 leather armour (worn)
 d - +0 fire dragon scales
Scrolls
 b - a scroll of butterflies
 e - a scroll of summoning {unknown}
 f - a scroll of enchant weapon {unknown}

Dungeon Overview and Level Annotations

Branches:
Dungeon (1/15)

Altars:


Message History

You shoot an arrow.
The arrow hits the hobgoblin but does no damage.
A rat comes into view.
The hobgoblin hits you.
A kobold comes into view. It is wielding a +0 club.
You shoot an arrow. The kobold shouts!
The arrow hits the hobgoblin.
The hobgoblin is severely wounded.
The hobgoblin hits you but does no damage.
You shoot an arrow. The arrow barely misses the hobgoblin.
The hobgoblin barely misses you.
You shoot an arrow. The arrow hits the hobgoblin.
You kill the hobgoblin!
You shoot an arrow. The arrow barely misses the kobold.
You shoot an arrow. The arrow closely misses the kobold.
You shoot an arrow. The arrow hits the kobold.
The kobold is heavily wounded.
The kobold hits you with a +0 club.
You shoot an arrow. The arrow barely misses the kobold.
The rat misses you. The kobold hits you with a +0 club.
You shoot an arrow. The arrow hits the kobold.
You kill the kobold!
The rat bites you. The quokka bites you. The rat bites you.
An endoplasm comes into view.
You shoot an arrow. The arrow completely misses the quokka.
The quokka bites you. The rat closely misses you.
You shoot an arrow.
The arrow hits the quokka but does no damage.
The quokka misses you. The quokka bites you. The rat misses you.
You shoot an arrow. The arrow hits the quokka.
The quokka is lightly wounded.
The quokka bites you but does no damage.
The rat barely misses you.
You shoot an arrow. The arrow hits the quokka.
The quokka is severely wounded.
The quokka closely misses you. The endoplasm freezes you.
You are frozen.
You die...

..........##....#
...........#).#.## ..
###.........)..[#####..
#.....).#.#............
...#%.#.............)...
#. ##.#.............. #.
#.#.............. #
##.#.......r......
..........$@r...)..
......#....J#..#...
#.................
##....#.....#.###.#
#....#.#.###... #
#.......#.. ##.
#....$...... .
....##.###.


You could see an endoplasm, a quokka and a rat.

Vanquished Creatures
  A dart slug (D:1)
  3 bats (D:1)
  An endoplasm (D:1)
  A giant cockroach (D:1)
  A goblin (D:1)
  5 hobgoblins (D:1)
  A quokka (D:1)
  6 kobolds (D:1)
19 creatures vanquished.

Notes
Turn   | Place    | Note
-------+----------+-------------------------------------------
     0 | D:1      | qw the Deep Elf Hunter began the quest for the Orb.
     0 | D:1      | Reached XP level 1. HP: 12/12 MP: 3/3
     0 | D:1      | 0 ||| qw: Version: 0.3-a-160-g6735b56
     0 | D:1      | 0 ||| qw: Game counter: 5027
     0 | D:1      | 0 ||| qw: Melee chars always use a shield: true
     0 | D:1      | 0 ||| qw: God list: Okawaru
     0 | D:1      | 0 ||| qw: Allow faded altars: false
     0 | D:1      | 0 ||| qw: Do Orc after clearing Dungeon:15 true
     0 | D:1      | 0 ||| qw: Do second Lair branch before Depths: true
     0 | D:1      | 0 ||| qw: Lair rune preference: random
     0 | D:1      | 0 ||| qw: Goals: Normal
     0 | D:1      | 0 ||| PLANNING D:1-11
    79 | D:1      | Reached skill level 6 in Ranged Weapons
    79 | D:1      | Reached XP level 2. HP: 16/16 MP: 4/4
   165 | D:1      | HP: 3/16 [rat (2)]
   166 | D:1      | HP: 1/16 [quokka (2)]
   169 | D:1      | Frozen to death by an endoplasm

Levels and vault maps discovered:
D:1:      minmay_arrival_hallway, layout_rooms,
          hellmonk_ecumenical_altar_inner_sanctum, minmay_split_cup_large

Skill      XL: |  1 |
---------------+----+-----
Ranged Weapons | 6 |  6.5
Fighting       | |  1.5
Dodging        | |  2.4
Stealth        | |  1.2

Action                     || total
---------------------------++-------
   Fire: Shortbow          ||    61
 Armour: Leather armour    ||    21
  Dodge: Dodged            ||    19

Table legend:
 A = Non-vault XP
 B = Vault XP
 C = Vault XP percentage of total XP
 D = Non-vault monster count
 E = Vault monster count
 F = Vault count percentage of total count
                 A         B        C        D         E       F
            +---------+---------+-------+---------+---------+-------
      Total |      33 |       4 |  10.8 |      17 |       2 |  10.5
            +---------+---------+-------+---------+---------+-------
        D:1 |      33 |       4 |  10.8 |      17 |       2 |  10.5
            +---------+---------+-------+---------+---------+-------
